 Dungeon Crawl Stone Soup version 0.29-a0-43-g62a80824bf (webtiles) character file.

Game seed: 10659368523057358517

126 testman the Skirmisher (level 4, -3/39 HPs)
             Began as a Palentonga Fighter on Feb 2, 2022.
             Was a Follower of Okawaru.
             Slain by an iron imp (4 damage)
             ... summoned by Natasha
             ... on level 3 of the Dungeon.
             The game lasted 00:05:47 (2004 turns).

testman the Skirmisher (Palentonga Fighter)         Turns: 2004, Time: 00:05:48

Health: -3/39      AC:  7    Str: 22    XL:     4   Next: 84%
Magic:  5/5        EV:  7    Int:  8    God:    Okawaru [*.....]
Gold:   52         SH:  4    Dex:  9    Spells: 3/3 levels left

rFire   . . .      SeeInvis +   a - +0 war axe
rCold   . . .      Faith    .   c - +0 buckler
rNeg    . . .      Spirit   .   b - +0 scale mail
rPois   .          Reflect  .   (no helmet)
rElec   .          Harm     .   r - +0 cloak
rCorr   .          Rampage  .   (no gloves)
Will    .....                   (no barding)
Stlth   ..........              p - amulet of magic regeneration
HPRegen 0.13/turn               (no ring)
MPRegen 0.49/turn               (no ring)

@: no status effects
A: large, rugged brown scales 3, see invisible, deformed body, roll 1, armoured
tail
a: Rolling Charge, Renounce Religion, Heroism


You were on level 3 of the Dungeon.
You worshipped Okawaru.
Okawaru was aware of your devotion.
You visited 1 branch of the dungeon, and saw 3 of its levels.

You collected 52 gold pieces.

Inventory:

Hand Weapons
 a - a +0 war axe (weapon)
Missiles
 g - 13 stones
 m - a throwing net
 s - 2 boomerangs
Armour
 b - a +0 scale mail (worn)
 c - a +0 buckler (worn)
 r - a +0 cloak (worn)
Jewellery
 p - an amulet of magic regeneration (around neck)
Wands
 n - a wand of flame (24)
Scrolls
 f - a scroll of summoning {unknown}
 h - a scroll of holy word {unknown}
 k - 2 scrolls of identify {unknown}
 l - a scroll of noise {unknown}
 o - a scroll of fog {unknown}
Potions
 d - a potion of might
 e - 2 potions of curing {unknown}
 i - a potion of lignification {unknown}
 j - a potion of magic {unknown}
 q - a potion of heal wounds {unknown}


   Skills:
 + Level 4.2 Fighting
 + Level 3.5 Axes
 - Level 2.4 Armour
 - Level 2.4 Shields
 + Level 1.9 Invocations


You had 3 spell levels left.
You didn't know any spells.
Your spell library contained the following spells:

 Spells                   Type           Power      Damage    Failure   Level
 Blink                    Tloc           0%         N/A       91%         2
 Sublimation of Blood     Necr           0%         N/A       91%         2
 Wereblood                Tmut           0%         N/A       91%         2
 Lesser Beckoning         Tloc           0%         N/A       99%         3
 Manifold Assault         Tloc           0%         N/A       100%        5
 Summon Hydra             Summ           Unusable   N/A       N/A         7

Dungeon Overview and Level Annotations

Branches:
Dungeon (3/15)

Altars:
Okawaru

Shops:
D:1 (

Annotations:
D:3 Natasha


Innate Abilities, Weirdness & Mutations

You are completely covered in rugged brown scales. (AC +3, +7% HP)
You have supernaturally acute eyesight. (SInv)
Armour fits poorly on your strangely shaped body.
You can roll at nearby foes to attack.
You have a long armoured tail.


Message History

You hit the iron imp but do no damage. You hit the white imp.
The white imp gestures at you. The puff of frost hits you!
Natasha claws you but does no damage. The iron imp hits you.
* * * LOW HITPOINT WARNING * * *
The white imp barely misses you.
You hit Natasha but do no damage.
Natasha is heavily wounded.
You hit the white imp. You closely miss the iron imp.
The white imp disappears in a puff of smoke!
Natasha claws you but does no damage.
The iron imp summons a swarm of flies.
The iron imp closely misses you.
The hobgoblin hits you but does no damage.
Natasha closely misses you.
You barely miss Natasha.
Natasha is heavily wounded.
You barely miss the hobgoblin. You hit the iron imp but do no damage.
The hobgoblin hits you but does no damage.
The iron imp hits you but does no damage.
Natasha claws you.
* * * LOW HITPOINT WARNING * * *
You hit Natasha but do no damage.
Natasha is heavily wounded.
You slash the hobgoblin!
You kill the hobgoblin!
Okawaru accepts your kill.
You hit the iron imp but do no damage. Natasha claws you but does no damage.
The iron imp barely misses you.
You hit Natasha.
Your tail-slap misses Natasha.
Natasha is severely wounded.
You hit the frilled lizard.
You kill the frilled lizard!
Okawaru accepts your kill.
You slash the iron imp! Natasha casts a spell at you. The magic dart hits you.
* * * LOW HITPOINT WARNING * * *
The iron imp hits you.
You die...

#.............#
#.............# ......
..#...........# ......
.... ......# ...... ...#
##....####....#
...######.............##
....##......|...........
....##......)....†....##
................@h......
....##...#####...5....##
.#####...# #....##### .#
##### #....# .# #....#
.# #.#### .# #.# .# #.
.#


You could see an iron imp (summoned) and Natasha.

Vanquished Creatures
  An orc priest (D:3)
  2 adders
  3 dart slugs
  5 orcs (D:3)
  5 ball pythons
  6 endoplasms
  7 goblins
  6 hobgoblins
  8 quokkas
  3 bats (D:1)
  3 frilled lizards
  6 kobolds
  8 rats
63 creatures vanquished.

Notes
Turn   | Place    | Note
-------+----------+-------------------------------------------
     0 | D:1      | testman the Palentonga Fighter began the quest for the Orb.
     0 | D:1      | Reached XP level 1. HP: 19/19 MP: 1/1
    62 | D:1      | Found Oloelesics's Weapon Shop.
    65 | D:1      | Reached XP level 2. HP: 25/25 MP: 2/2
   429 | D:1      | Reached XP level 3. HP: 26/31 MP: 3/3
   458 | D:1      | Found a faded altar of an unknown god.
   465 | D:1      | Prayed at the altar of an unknown god.
   465 | D:1      | Became a worshipper of Warmaster Okawaru
   465 | D:1      | Reached * piety under Okawaru
  1288 | D:2      | Reached skill level 1 in Invocations
  1590 | D:2      | Reached XP level 4. HP: 39/39 MP: 4/4
  1695 | D:3      | Reached skill level 4 in Fighting
  1992 | D:3      | Noticed Natasha
  2004 | D:3      | HP: 1/39 [Natasha/magic dart (6)]
  2004 | D:3      | Slain by an iron imp

Illustrated notes

Levels and vault maps discovered:
D:1:      onia_arrival_handbag, layout_basic, serial_shops,
          nicolae_shop_temple_entry_statues_fountains, basic_ecumenical_altar
D:2:      layout_loops_ring
D:3:      layout_basic, minmay_curled_crystal, uniq_natasha

Skill      XL: |  1  2  3  4 |
---------------+-------------+-----
Axes           | 3 |  3.5
Invocations    | 1 |  1.9
Fighting       | 4 |  4.2
Armour         | |  2.4
Shields        | |  2.4

Action                   |  1- 3 |  4- 6 || total
-------------------------+-------+-------++-------
Melee: War axe           |    94 |    33 ||   127
       Tailslap          |    14 |     4 ||    18
 Abil: Rolling Charge    |    30 |    12 ||    42
Armor: Scale mail        |    36 |    12 ||    48
Dodge: Dodged            |    19 |    14 ||    33
Block: Buckler           |    13 |     3 ||    16

Table legend: (Time is in decaauts)
 A = Elapsed time spent in this place.
 B = Non-inter-level travel time spent in this place.
 C = Inter-level travel time spent in this place.
 D = Time resting spent in this place.
 E = Time spent auto-exploring this place.
 F = Levels seen in this place.
 G = Mean time per level.
                   A        B        C        D        E       F      G
               +--------+--------+--------+--------+--------+-----+--------+
         Total |   2052 |   2018 |     34 |     69 |   1624 |   3 |  684.0 |
       Dungeon |   2052 |   2018 |     34 |     69 |   1624 |   3 |  684.0 |
               +--------+--------+--------+--------+--------+-----+--------+

Top non-repeatable levels by time:
     D:1: 889 daAuts
     D:2: 809 daAuts
     D:3: 353 daAuts
